 Dungeon Crawl Stone Soup version 0.28-a0-1387-g3a22ab9bdc (webtiles) character file.

Game seed: 2440472731197622611

1754 Clumpoid the Grappler (level 8, -5/74 HPs)
             Began as a Troll Monk on Jan 3, 2022.
             Was a Follower of Elyvilon.
             Slain by a manticore skeleton (9 damage)
             ... animated by the malice of Kikubaaqudgha
             ... on level 5 of the Dungeon.
             The game lasted 00:04:06 (3608 turns).

Clumpoid the Grappler (Troll Monk)                  Turns: 3608, Time: 00:04:06

Health: -5/74      AC:  5    Str: 17 (20) XL:     8   Next: 78%
Magic:  0/7        EV: 10    Int:  7 (8)  God:    Elyvilon [*.....]
Gold:   209        SH:  0    Dex: 11 (12) Spells: 7/7 levels left

rFire   . . .      SeeInvis .     - Unarmed
rCold   + . .      Faith    .   (no shield)
rNeg    . . .      Spirit   +   a - +1 robe
rPois   .          Reflect  .   (helmet restricted)
rElec   .          Harm     .   p - scarf {+Inv}
rCorr   .          Rampage  .   (gloves unavailable)
Will    .....                   (boots unavailable)
Stlth   +.........              h - amulet of guardian spirit
HPRegen 1.02/turn               b - ring of protection from cold
MPRegen 0.10/turn               (no ring)

@: about to teleport, hasted, very quick
A: large, unfitting armour, claws 3, regeneration 1, shaggy fur 1, tough skin 1
a: Renounce Religion, Evoke Invisibility, Purification


You were on level 5 of the Dungeon.
You worshipped Elyvilon.
Elyvilon was aware of your devotion.
You visited 1 branch of the dungeon, and saw 5 of its levels.

You collected 209 gold pieces.

Inventory:

Armour
 a - a +1 robe (worn)
 p - a scarf of invisibility (worn)
Jewellery
 b - a ring of protection from cold (left claw)
 h - an amulet of guardian spirit (around neck)
Wands
 o - a wand of digging (2)
 q - a wand of paralysis (8)
Scrolls
 d - 3 scrolls of enchant weapon
 e - a scroll of teleportation
 f - 2 scrolls of amnesia
 g - 2 scrolls of magic mapping
 j - a scroll of fear {unknown}
 k - a scroll of brand weapon {unknown}
 m - 3 scrolls of vulnerability {unknown}
 n - a scroll of holy word {unknown}
Potions
 c - a potion of haste
 i - a potion of resistance


   Skills:
 - Level 2.4 Fighting
 - Level 2.4 Dodging
 - Level 1.0 Stealth
 + Level 11.7 Unarmed Combat


You had 7 spell levels left.
You didn't know any spells.
Your spell library contained the following spells:

 Spells                   Type           Power      Damage    Failure   Level
 Animate Skeleton         Necr           0%         N/A       43%         1
 Pain                     Necr           0%         1d4       43%         1
 Corpse Rot               Necr/Air       0%         N/A       56%         2
 Poisonous Vapours        Pois/Air       0%         N/A       56%         2
 Sublimation of Blood     Necr           0%         N/A       56%         2
 Vampiric Draining        Necr           0%         2d6       80%         3
 Animate Dead             Necr           0%         N/A       99%         4
 Dispel Undead            Necr           0%         3d6       99%         4
 Agony                    Necr           0%         N/A       100%        5
 Excruciating Wounds      Necr           0%         N/A       100%        5
 Death Channel            Necr           0%         N/A       100%        6


Dungeon Overview and Level Annotations

Branches:
Dungeon (5/15)             Temple (0/1) D:4

Altars:
Elyvilon
Gozag
Kikubaaqudgha
Trog

Shops:
D:1 (([

Annotations:
D:5 2 runed translucent doors


Innate Abilities, Weirdness & Mutations

You are too large for most types of armour.
You have claws for hands.
Your natural rate of healing is unusually fast.
You are covered in fur. (AC +1)
You have tough skin. (AC +1)


Message History

a +0 giant club; an ogre corpse You start resting.
Magic restored.
Kikubaaqudgha's malice focuses upon you.
You smell decay.
The dead are walking, flying and slithering! 6 skeletons come into view.
You claw the two-headed ogre skeleton!
The two-headed ogre skeleton is lightly damaged.
There are monsters nearby!
You scratch the two-headed ogre skeleton.
The two-headed ogre skeleton is lightly damaged.
There are monsters nearby!
Unknown command.
As you read the scroll of teleportation, it crumbles to dust.
You feel strangely unstable. The ogre skeleton closely misses you.
The two-headed ogre skeleton hits you! x2; The manticore skeleton bites you!
The manticore skeleton claws you!
* * * LOW HITPOINT WARNING * * *
The manticore skeleton claws you but does no damage.
It was a potion of degeneration.
There was something very wrong with that liquid.
You feel weakened.
You feel dopey.
You feel clumsy. The manticore skeleton bites you!
* * * LOW HITPOINT WARNING * * *
The manticore skeleton claws you.
* * * LOW HITPOINT WARNING * * *
The manticore skeleton claws you.
* * * LOW HITPOINT WARNING * * *
The ogre skeleton barely misses you.
Okay, then.
Okay, then.
You feel yourself speed up. The two-headed ogre skeleton hits you.
* * * LOW HITPOINT WARNING * * *
The two-headed ogre skeleton hits you but does no damage.
The manticore skeleton barely misses you.
The manticore skeleton claws you.
* * * LOW HITPOINT WARNING * * *
The manticore skeleton claws you!
You die...

..... 8##.##.######.......# ....
#..............>.... .#..
#'###..#####........ .#.#
###†#.##.............. .#.#
#)##.#.#........###... .#.#
..###Z#.........##..# >..#
#.Z#Z#.........+.... ##.#
#?##Z#Z#.........##... #.##
####.☼Z@##.#.......##...
#..######..######..#...#.....##.
##..............................
####.............##.........#..
#.....###....###.........#..
######............# #.........#..
#......#######....###............
.........##............#.........
.........##............#.........


You could see 2 adder skeletons, a manticore skeleton, an orc wizard skeleton,
an ogre skeleton and a two-headed ogre skeleton.

Vanquished Creatures
  A two-headed ogre (D:5)
  Sigmund (D:3)
  Edmund (D:5)
  2 ogres (D:5)
  Blork the orc (D:5)
  2 scorpions
  A water moccasin zombie (D:5)
  A yak skeleton (D:5)
  A centaur zombie (D:5)
  A gnoll shaman (D:5)
  3 orc priests
  2 hounds
  A centaur skeleton (D:4)
  2 iguanas (D:4)
  An orc wizard (D:5)
  A hound skeleton (D:5)
  5 adders
  10 gnolls
  2 white imps (D:5)
  An adder skeleton (D:4)
  3 orc skeletons
  5 worms
  A dart slug (D:3)
  8 orcs
  6 bats
  8 endoplasms
  3 giant cockroaches
  8 goblins
  6 hobgoblins
  12 jackals
  2 quokkas
  4 ball pythons
  12 frilled lizards
  A frilled lizard skeleton (D:5)
  2 goblin skeletons
  5 kobolds
  An orc zombie (D:5)
  A quokka skeleton (D:4)
  6 rats
134 creatures vanquished.

Vanquished Creatures (others)
  A jackal (D:4)
  6 plants (D:4)
7 creatures vanquished.

Grand Total: 141 creatures vanquished

Notes
Turn   | Place    | Note
-------+----------+-------------------------------------------
     0 | D:1      | Clumpoid the Troll Monk began the quest for the Orb.
     0 | D:1      | Reached XP level 1. HP: 22/22 MP: 0/0
   125 | D:1      | Reached XP level 2. HP: 29/29 MP: 1/1
   127 | D:1      | Found Lymmoomm's Weapon Emporium.
   332 | D:1      | Found Happ's Armour Shop.
   378 | D:1      | Reached skill level 4 in Unarmed Combat
   508 | D:1      | Found Habbaal's Antique Weapon Boutique.
   855 | D:2      | Reached XP level 3. HP: 36/36 MP: 2/2
   855 | D:2      | Found a faded altar of an unknown god.
   866 | D:2      | Prayed at the altar of an unknown god.
   866 | D:2      | Became a worshipper of Kikubaaqudgha
   866 | D:2      | Reached * piety under Kikubaaqudgha
   866 | D:2      | Received a gift from Kikubaaqudgha
   866 | D:2      | Reached ** piety under Kikubaaqudgha
   936 | D:2      | Got the Grimoire of Stolen Souls
  1071 | D:2      | Reached *** piety under Kikubaaqudgha
  1071 | D:2      | Received a gift from Kikubaaqudgha
  1186 | D:2      | Reached skill level 5 in Unarmed Combat
  1186 | D:2      | Reached XP level 4. HP: 44/44 MP: 3/3
  1438 | D:3      | Noticed Sigmund
  1449 | D:3      | Killed Sigmund
  1450 | D:3      | Reached skill level 6 in Unarmed Combat
  1450 | D:3      | Reached XP level 5. HP: 34/50 MP: 2/4
  1518 | D:3      | Reached XP level 6. HP: 50/59 MP: 3/5
  1527 | D:3      | Reached skill level 7 in Unarmed Combat
  2085 | D:4      | Found an opulent altar of Gozag.
  2087 | D:4      | Found a bloodstained altar of Trog.
  2182 | D:4      | Found a white marble altar of Elyvilon.
  2192 | D:4      | Fell from the grace of Kikubaaqudgha
  2192 | D:4      | Became a worshipper of Elyvilon the Healer
  2231 | D:4      | Found a staircase to the Ecumenical Temple.
  2309 | D:4      | Reached skill level 8 in Unarmed Combat
  2389 | D:4      | Reached XP level 7. HP: 66/66 MP: 6/6
  2730 | D:5      | Entered Level 5 of the Dungeon
  2851 | D:5      | Reached * piety under Elyvilon
  2956 | D:5      | Found a large runed translucent door.
  2956 | D:5      | Found a large runed translucent door.
  2969 | D:5      | Noticed Blork the orc
  2976 | D:5      | Killed Blork the orc
  3178 | D:5      | Noticed Edmund
  3192 | D:5      | Killed Edmund
  3193 | D:5      | Reached skill level 9 in Unarmed Combat
  3563 | D:5      | Reached XP level 8. HP: 74/74 MP: 7/7
  3566 | D:5      | Noticed a two-headed ogre
  3575 | D:5      | Killed a two-headed ogre
  3576 | D:5      | Reached skill level 11 in Unarmed Combat
  3608 | D:5      | Slain by a manticore skeleton

Illustrated notes

Levels and vault maps discovered:
D:1:      saegor_arrival_simple_d, layout_loops_ring, serial_shops, shop,
          nicolae_shop_window_shopping, nicolae_diamond_shop,
          minmay_misc_feat_roman
D:2:      kennysheep_six_static_rooms, layout_basic, basic_ecumenical_altar,
          grunt_ministairs_14
D:3:      layout_basic, st_stairs_10, minmay_parallelograms,
          chequers_serial_rivers_room_a, uniq_sigmund
D:4:      layout_cave_pools, elyvilon_altar_4,
          mainiacjoe_overflow_catwalk_spiral, minmay_temple_entry_stoned_glass,
          kennysheep_big_empty_room, minmay_lizard_king
D:5:      layout_basic, minmay_hollow_rounded_squares, uniq_edmund,
          uniq_blork_the_orc

Skill      XL: |  1  2  3  4  5  6  7  8 |
---------------+-------------------------+-----
Unarmed Combat | 4 5 6 8 9 11 | 11.7
Fighting       | |  2.4
Dodging        | |  2.4
Stealth        | |  1.0

Action                   |  1- 3 |  4- 6 |  7- 9 || total
-------------------------+-------+-------+-------++-------
Melee: Unarmed           |    98 |   121 |   139 ||   358
       Punch             |       |     1 |     4 ||     5
  Use: Scroll            |     2 |     5 |     1 ||     8
       Potion            |     2 |       |     4 ||     6
 Stab: Sleeping          |     5 |     3 |       ||     8
       Distracted        |       |       |     1 ||     1
Armor: Robe              |    21 |    54 |    28 ||   103
Dodge: Dodged            |    55 |    78 |    45 ||   178

Table legend: (Time is in decaauts)
 A = Elapsed time spent in this place.
 B = Non-inter-level travel time spent in this place.
 C = Inter-level travel time spent in this place.
 D = Time resting spent in this place.
 E = Time spent auto-exploring this place.
 F = Levels seen in this place.
 G = Mean time per level.
                   A        B        C        D        E       F      G
               +--------+--------+--------+--------+--------+-----+--------+
         Total |   3572 |   3447 |    125 |     86 |   2491 |   5 |  714.4 |
       Dungeon |   3572 |   3447 |    125 |     86 |   2491 |   5 |  714.4 |
               +--------+--------+--------+--------+--------+-----+--------+

Top non-repeatable levels by time:
     D:5: 873 daAuts
     D:1: 805 daAuts
     D:3: 692 daAuts
     D:4: 639 daAuts
     D:2: 561 daAuts
